 Dungeon Crawl Stone Soup version 0.28.0-47-ge53b351184 (webtiles) character file.

Game seed: 15062511622276796775

59 firemarshallily the Caller (level 4, -2/30 HPs)
             Began as a Merfolk Summoner on May 6, 2022.
             Killed by nerve-wracking pain
             ... invoked by Jessica
              (9 damage)
             ... on level 2 of the Dungeon.
             The game lasted 00:09:16 (2080 turns).

firemarshallily the Caller (Merfolk Summoner)       Turns: 2080, Time: 00:09:17

Health: -2/30      AC:  2    Str:  8    XL:     4   Next: 3%
Magic:  4/7        EV: 12    Int: 16    God:
Gold:   109        SH:  0    Dex: 14    Spells: 5/8 levels left

rFire   . . .      SeeInvis .   k - +1 club
rCold   + . .      Faith    .   (no shield)
rNeg    . . .      Spirit   .   a - +0 robe
rPois   .          Reflect  .   (no helmet)
rElec   .          Harm     .   (no cloak)
rCorr   .          Rampage  .   (no gloves)
Will    .....                   (no boots)
Stlth   ++........              (no amulet)
HPRegen 0.10/turn               e - ring of protection from cold
MPRegen 0.10/turn               (no ring)

@: on berserk cooldown, very slightly contaminated, slowed, very slow
A: (nimble swimmer 2), mertail
a: no special abilities


You were on level 2 of the Dungeon.
You visited 1 branch of the dungeon, and saw 2 of its levels.

You collected 109 gold pieces.

Inventory:

Hand Weapons
 k - a +1 club (weapon)
Missiles
 d - 31 stones
Armour
 a - a +0 robe (worn)
Jewellery
 e - a ring of protection from cold (left hand)
Potions
 b - a potion of cancellation
 f - a potion of might {unknown}


   Skills:
 + Level 2.3 Polearms
 - Level 2.6 Dodging
 - Level 2.1 Stealth
 + Level 2.5 Spellcasting
 * Level 4.8 Summonings


You had 5 spell levels left.
You knew the following spells:

 Your Spells              Type           Power      Damage    Failure   Level
a - Summon Small Mammal   Summ           68%        N/A       2%          1
b - Call Imp              Summ           17%        N/A       4%          2

Your spell library contained the following spells:

 Spells                   Type           Power      Damage    Failure   Level
 Call Canine Familiar     Summ           17%        N/A       9%          3
 Summon Guardian Golem    Hex/Summ       9%         N/A       22%         3
 Inner Flame              Hex/Fire       2%         N/A       52%         3
 Summon Lightning Spire   Summ/Air       9%         N/A       58%         4
 Cause Fear               Hex            1%         N/A       89%         4
 Discord                  Hex            1%         N/A       100%        8


Dungeon Overview and Level Annotations

Branches:
Dungeon (2/15)

Altars:

Annotations:
D:2 Jessica, Robin


Innate Abilities, Weirdness & Mutations

((You are very nimble when in or above water. (Stealth+, EV+, Speed+++)))
Your lower body shifts to a powerful aquatic tail in water.


Message History

Things that are here:
a +0 dagger; a +0 club You feel a strong urge to attack something.
Your quokka closely misses Robin.
Jessica hits your quokka with a +0 dagger.
Your quokka dies!
Your quokka's corpse disappears in a puff of smoke!
Jessica hits your iron imp with a +0 dagger.
Robin says, "A pitiful Merfolk like you will never find the ORB!"
Robin barely misses your iron imp.
You feel your anger nearly subside.
You are no longer berserk.
You are exhausted.
You feel yourself slow down.
Jessica hits your iron imp with a +0 dagger.
Robin hits your iron imp with a +0 spear.
Your iron imp hits Jessica.
Jessica hits your iron imp with a +0 dagger.
Something hits your iron imp!
Your iron imp dies!
Your iron imp disappears in a puff of smoke!
Robin roars a battlecry!
A hobgoblin comes into view.
It was a potion of curing.
You feel better. Jessica gestures at you while chanting.
You feel as though you will be slow longer.
The hobgoblin no longer looks unusually strong.
Jessica barely misses you.
The hobgoblin no longer looks unusually strong.
Jessica hits you with a +0 dagger.
* * * LOW HITPOINT WARNING * * *
Robin roars a battlecry!
The hobgoblins go into a battle-frenzy!
Casting: Summon Small Mammal (safe; 2% risk of failure)
Confirm with . or Enter, or press ? or * to list all spells.
You miscast Call Imp.
You are very lightly contaminated with residual magic.
Nothing appears to happen.
Jessica points at you and mumbles some strange words.
Pain shoots through your body!
You die...

,,,,,,,,*****#....g.,#...#####.#≈
*************#....g,,##.## #.....
,,,,,,,,,,,,,,.)g.,,,*#.# #.....
*************###g##***#.# #.....
#..g.# #.# #..... #..))# #†#
#..... #..g.# #.# #..... #..@.#
#.# #..... ###@## #.# ####.#
####†######.## #.# #......##....#
#.# #......##....# #.#
#......##....# ####.#
#......##....###.....
#.............##.....
#########.....##.....
#.....##.....


You could see Robin, Jessica (fast) and 3 hobgoblins.

Vanquished Creatures
  A bat (D:1)
  A ball python (D:1)
  A frilled lizard (D:1)
  3 goblins (D:2)
  A rat (D:1)
7 creatures vanquished.

Vanquished Creatures (collateral kills)
  5 orcs (D:2)
  5 ball pythons
  5 endoplasms
  A giant cockroach (D:2)
  10 goblins
  2 hobgoblins
  2 quokkas (D:1)
  2 bats (D:1)
  4 frilled lizards (D:1)
  2 kobolds (D:1)
  5 rats
43 creatures vanquished.

Grand Total: 50 creatures vanquished

Notes
Turn   | Place    | Note
-------+----------+-------------------------------------------
     0 | D:1      | firemarshallily the Merfolk Summoner began the quest for
                  | the Orb.
     0 | D:1      | Reached XP level 1. HP: 13/13 MP: 3/3
   165 | D:1      | Reached skill level 1 in Polearms
   165 | D:1      | Reached XP level 2. HP: 16/19 MP: 0/5
   170 | D:1      | Learned a level 2 spell: Call Imp
  1092 | D:1      | Reached XP level 3. HP: 24/24 MP: 2/6
  1812 | D:2      | Found a faded altar of an unknown god.
  2060 | D:2      | Noticed Robin
  2060 | D:2      | Noticed Jessica
  2069 | D:2      | Reached XP level 4. HP: 5/30 MP: 4/7
  2080 | D:2      | Killed from afar by Jessica

Illustrated notes

Levels and vault maps discovered:
D:1:      dpeg_arrival_long_road, layout_loops_ring, minmay_pentomino_x2
D:2:      layout_basic, shapermc_ecumenical_altar_starsandcircs, basic_altar,
          uniq_robin, uniq_jessica

Skill      XL: |  1  2  3 |
---------------+----------+-----
Polearms       | 1 2 |  2.3
Dodging        | |  2.6
Stealth        | |  2.1
Spellcasting   | |  2.5
Summonings     | |  4.8

Action                   |  1- 3 |  4- 6 || total
-------------------------+-------+-------++-------
Melee: Unarmed           |    27 |       ||    27
       Punch             |     1 |       ||     1
       Club              |     4 |     2 ||     6
 Cast: Summon Small Mamm |    43 |       ||    43
       Call Imp          |    22 |       ||    22
  Use: Scroll            |     4 |       ||     4
       Potion            |       |     2 ||     2
Armor: Robe              |    11 |     1 ||    12
Dodge: Dodged            |    37 |     2 ||    39
